 Dungeon Crawl Stone Soup version 0.30.0-30-g96aa6591b8 (webtiles) character file.

Game seed: 11923930322674805369

104 monsoonserge the Sneak (level 4, -2/21 HPs)
             Began as a Spriggan Enchanter on June 30, 2023.
             Was a Follower of Vehumet.
             Slain by a kobold
             ... wielding a +2 whip of electrocution
              (13 damage)
             ... on level 3 of the Dungeon.
             The game lasted 00:07:50 (2691 turns).

monsoonserge the Sneak (Spriggan Enchanter)         Turns: 2691, Time: 00:07:51

Health: -2/21      AC:  2    Str:  4    XL:     4   Next: 52%
Magic:  1/9        EV: 17    Int: 18    God:    Vehumet [*.....]
Gold:   66         SH:  0    Dex: 15    Spells: 1/9 levels left

rFire   . . .        e - +0 short sword (venom)
rCold   . . .        (no shield)
rNeg    . . .        b - +0 robe
rPois   .            (helmet restricted)
rElec   .            u - scarf {repulsion}
rCorr   .            (gloves unavailable)
SInv    +            (boots unavailable)
Will    .....        (no amulet)
Stlth   +++          (no ring)
HPRegen 0.23/turn    (no ring)
MPRegen 0.11/turn

%: repel missiles
@: very quick
A: very small, no large weapons, unfitting armour, see invisible, speed 3
a: Renounce Religion


You were on level 3 of the Dungeon.
You worshipped Vehumet.
Vehumet was aware of your devotion.
You visited 1 branch of the dungeon, and saw 3 of its levels.

You collected 66 gold pieces.

Inventory:

Hand Weapons
 a - a +1 dagger
 e - a +0 short sword of venom (weapon)
Armour
 b - a +0 robe (worn)
 u - a scarf of repulsion (worn)
Jewellery
 p - a +5 ring of evasion
Scrolls
 d - 2 scrolls of fog {unknown}
 g - 4 scrolls of identify {unknown}
 h - a scroll of amnesia {unknown}
 i - a scroll of poison {unknown}
 k - a scroll of blinking {unknown}
 m - 2 scrolls of noise {unknown}
 o - a scroll of enchant weapon {unknown}
 q - a scroll of enchant armour {unknown}
 s - 2 scrolls of teleportation {unknown}
 w - a scroll of silence {unknown}
Potions
 c - 2 potions of invisibility
 f - a potion of resistance {unknown}
 j - a potion of heal wounds {unknown}
 l - a potion of haste {unknown}
 n - a potion of degeneration {unknown}
 r - a potion of lignification {unknown}
 t - 2 potions of curing {unknown}
 v - a potion of attraction {unknown}
 x - a potion of flight {unknown}


   Skills:
 + Level 0.6 Fighting
 + Level 2.1 Short Blades
 + Level 3.2 Dodging
 - Level 5.0 Stealth
 * Level 3.2 Spellcasting
 * Level 0.2 Conjurations
 + Level 4.7 Hexes
 * Level 0.5 Ice Magic


You had one spell level left.
You knew the following spells:

 Your Spells              Type           Power      Damage    Failure   Level
a - Ensorcelled Hibernat  Hex/Ice        24%        N/A       9%          2
b - Confusing Touch       Hex            20%        N/A       7%          3
c - Dazzling Flash        Conj/Hex       22%        N/A       17%         3

Your spell library contained the following spells:

 Spells                   Type           Power      Damage    Failure   Level
 Freeze                   Ice            16%        1d4       13%         1
 Magic Dart               Conj           12%        1d3       14%         1
 Foxfire                  Conj/Fire      12%        2x1d4     16%         1
 Summon Small Mammal      Summ           8%         N/A       16%         1
 Tukima's Dance           Hex            20%        N/A       7%          3
 Summon Guardian Golem    Hex/Summ       11%        N/A       19%         3
 Call Imp                 Summ           4%         N/A       24%         2
 Cigotuvi's Dreadful Rot  Necr/Pois/Air  4%         N/A       24%         2
 Call Canine Familiar     Summ           2%         N/A       43%         3
 Ignite Poison            Fire/Tmut/Pois 2%         N/A       43%         3
 Mephitic Cloud           Conj/Pois/Air  3%         N/A       43%         3
 Stone Arrow              Conj/Erth      6%         3d7       43%         3
 Animate Armour           Summ/Erth      4%         N/A       85%         4
 Fireball                 Conj/Fire      1%         3d3       99%         5
 Freezing Cloud           Conj/Ice/Air   1%         6-21      99%         5
 Plasma Beam              Fire/Air       1%         2x1d12    100%        6
 Starburst                Conj/Fire      1%         6d3       100%        6
 Lehudib's Crystal Spear  Conj/Erth      1%         10d2      100%        8


Dungeon Overview and Level Annotations

Branches:
Dungeon (3/15)

Altars:
Vehumet

Shops:
D:2 :

Annotations:
D:3 Sigmund


Innate Abilities, Weirdness & Mutations

You are very small and have problems with some larger weapons.
You are too small for most types of armour.
You have supernaturally acute eyesight. (SInv)
You cover ground extremely quickly. (Speed+++)


Message History

Confirm with . or Enter, or press ? or * to list all spells.
Aiming: Ensorcelled Hibernation (safe; 9% risk of failure)
Press: ? - help, Shift-Dir - straight line, f - adder
Aim: an adder (chance to affect: 54%)
The adder resists with significant effort.
The adder barely misses you.
Unknown command.
Casting: Ensorcelled Hibernation (safe; 9% risk of failure)
Confirm with . or Enter, or press ? or * to list all spells.
Aiming: Ensorcelled Hibernation (safe; 9% risk of failure)
Press: ? - help, Shift-Dir - straight line, f/p - adder
Aim: an adder (chance to affect: 54%)
The adder resists with significant effort.
The adder bites you. The adder barely misses you.
Casting: Ensorcelled Hibernation (safe; 9% risk of failure)
Confirm with . or Enter, or press ? or * to list all spells.
Aiming: Ensorcelled Hibernation (safe; 9% risk of failure)
Press: ? - help, Shift-Dir - straight line, f/p - adder
Aim: an adder (chance to affect: 54%)
The adder resists with significant effort.
The kobold barely misses you. The adder closely misses you.
Unknown command.
Casting: Ensorcelled Hibernation (safe; 9% risk of failure)
Confirm with . or Enter, or press ? or * to list all spells.
Aiming: Ensorcelled Hibernation (safe; 9% risk of failure)
Press: ? - help, Shift-Dir - straight line, f/p - adder
Aim: an adder (chance to affect: 54%)
The adder resists with significant effort.
The kobold misses you. The adder closely misses you.
Unknown command.
Casting: Ensorcelled Hibernation (safe; 9% risk of failure)
Confirm with . or Enter, or press ? or * to list all spells.
Okay, then.
You hit the kobold but do no damage.
The kobold hits you with a +2 whip of electrocution.
You are electrocuted!
The adder barely misses you.
You closely miss the kobold. The adder barely misses you.
The kobold hits you but does no damage.
You are electrocuted!
Ouch! That really hurt!
You die...

..######.#....†
........... #.#.####
.#.#.#....# #.#.#
.........(# #.#.###
.#.#.#..>. #.....#
.........# ##....#
.#.#.#...##### #....#
......K......# #....#
......S@# #.# #....#
...<....# #.# #....#
####.##.# #.# #....#
## #.# #.###########
#..##.## #............
#......###.###########
#..#.#.....## #....#
#...........# #....#
##.#.#...#.## #....#


You could see an adder and a kobold.

Vanquished Creatures
  A gnoll (D:1)
  5 adders
  A worm (D:2)
  2 dart slugs
  An orc (D:2)
  2 endoplasms
  3 giant cockroaches
  9 goblins
  4 hobgoblins
  A quokka (D:1)
  4 ball pythons
  A bat (D:1)
  4 kobolds
  4 rats
42 creatures vanquished.

Notes
Turn   | Place    | Note
-------+----------+-------------------------------------------
     0 | D:1      | monsoonserge the Spriggan Enchanter began the quest for the
                  | Orb.
     0 | D:1      | Reached XP level 1. HP: 9/9 MP: 5/5
   457 | D:1      | Reached XP level 2. HP: 13/13 MP: 6/6
   483 | D:1      | Learned a level 2 spell: Ensorcelled Hibernation
   609 | D:1      | Reached skill level 5 in Stealth
  1415 | D:2      | Reached XP level 3. HP: 9/16 MP: 8/8
  1419 | D:2      | Learned a level 3 spell: Confusing Touch
  1739 | D:2      | Reached XP level 4. HP: 21/21 MP: 4/9
  1839 | D:2      | Learned a level 3 spell: Dazzling Flash
  1903 | D:2      | Found Betoi's Book Shoppe.
  2338 | D:3      | Found a faded altar of an unknown god.
  2350 | D:3      | Prayed at the altar of an unknown god.
  2350 | D:3      | Became a worshipper of Vehumet
  2350 | D:3      | Reached * piety under Vehumet
  2350 | D:3      | Offered knowledge of Freeze by Vehumet.
  2506 | D:3      | Noticed Sigmund
  2691 | D:3      | Slain by a kobold

Illustrated notes

Levels and vault maps discovered:
D:1:      nicolae_arrival_somewhat_less_tricky_arrival, layout_basic,
          serial_co_window_serial, co_window_paths_a, co_window_corner_a,
          co_window_corner_a, co_window_paths_a, co_window_paths_b,
          co_window_corner_b, co_window_paths_c, co_window_unsneaky_path_e,
          co_window_paths_c, co_window_corner_cb, co_window_paths_d,
          glass_columns_c
D:2:      layout_basic, serial_shops, shop
D:3:      layout_loops_ring, nicolae_overflow_hidden_temple,
          ebering_ecumenical_altar_rust, serial_co_window_serial,
          co_window_corner_a, co_window_of_opportunity_a, co_window_corner_a,
          co_window_of_opportunity_a, co_window_paths_a, co_window_paths_b,
          co_window_corner_b, co_window_cross_2, co_window_unsneaky_path_c,
          co_window_corner_cb, glass_columns_a, glass_columns_a,
          glass_columns_b, glass_columns_b, uniq_sigmund

Skill      XL: |  1  2  3  4 |
---------------+-------------+-----
Spellcasting   | 3 |  3.2
Stealth        | 5 |  5.0
Hexes          | 4 |  4.7
Dodging        | 3 |  3.2
Short Blades   | 2 |  2.1
Fighting       | |  0.6
Conjurations   | |  0.2
Ice Magic      | |  0.5

Action                     |  1- 3 |  4- 6 || total
---------------------------+-------+-------++-------
  Melee: Short sword       |    76 |    41 ||   117
         Dagger            |     1 |       ||     1
         Punch             |     1 |     1 ||     2
   Cast: Ensorcelled Hiber |     7 |     7 ||    14
   Stab: Sleeping          |    11 |     4 ||    15
 Armour: Robe              |    10 |     4 ||    14
  Dodge: Dodged            |    46 |    30 ||    76
